 Dungeon Crawl Stone Soup version 0.29.1-1-gd02db6906a (webtiles) character file.

Game seed: 2043604194663565942

2671 masschaos23 the Cleaver (level 9, -8/72 (80) HPs)
             Began as a Hill Orc Fighter on Sept 15, 2022.
             Was an Initiate of Beogh.
             Mangled by an orc warrior
             ... wielding a +0 glaive
              (19 damage)
             ... on level 6 of the Dungeon.
             The game lasted 00:17:46 (6434 turns).

masschaos23 the Cleaver (Hill Orc Fighter)          Turns: 6434, Time: 00:17:47

HP:   -8/72 (80)    AC:  7    Str: 25    XL:     9   Next: 63%
MP:   0/9           EV: 10    Int: 14    God:    Beogh [......]
Gold: 390           SH:  9    Dex: 12    Spells: 8/8 levels left

rFire   . . .      SeeInvis .   E - +2 hand axe (vorpal)
rCold   . . .      Faith    .   h - +0 kite shield
rNeg    . . .      Spirit   +   o - +0 troll leather armour
rPois   .          Reflect  .   (no helmet)
rElec   .          Harm     .   (no cloak)
rCorr   +          Rampage  .   (no gloves)
Will    .....                   (no boots)
Stlth   +.........              z - amulet of guardian spirit
HPRegen 1.02/turn               f - ring "Hoagoth" {Str+4 Int+6}
MPRegen 0.11/turn               k - ring of resist corrosion

@: heavily drained
A: iridescent scales 1, sense surroundings 1
a: Renounce Religion


You were on level 6 of the Dungeon.
You worshipped Beogh.
Beogh was noncommittal.
You visited 1 branch of the dungeon, and saw 6 of its levels.
You also visited: Sewer and Ossuary.

You collected 390 gold pieces.

Inventory:

Hand Weapons
 a - a +0 vampiric war axe
 D - a +5 battleaxe of freezing
 E - a +2 vorpal hand axe (weapon)
Missiles
 m - 2 javelins (quivered)
 n - 4 poisoned darts
Armour
 b - a +0 scale mail
 c - a +0 buckler
 h - a +0 kite shield (worn)
 o - a +0 troll leather armour (worn)
 A - a +0 ring mail of willpower
Jewellery
 f - the ring "Hoagoth" (left hand) {Str+4 Int+6}
   (You acquired it on level 3 of the Dungeon)

   [ring of intelligence]

   Str:       It affects your strength (+4).
   Int:       It affects your intelligence (+6).
 k - a ring of resist corrosion (right hand)
 z - an amulet of guardian spirit (around neck)
Wands
 j - a wand of polymorph (26)
 w - a wand of quicksilver (7)
 y - a wand of paralysis (6)
Scrolls
 g - a scroll of butterflies
 l - a scroll of amnesia
 s - 2 scrolls of noise
 u - a scroll of silence
 v - a scroll of poison
 x - 3 scrolls of teleportation
 F - a scroll of fear
Potions
 d - 3 potions of might
 e - 2 potions of brilliance
 i - a potion of flight
 p - 4 potions of curing
 q - 3 potions of haste
 r - 2 potions of mutation
 t - a potion of ambrosia
 B - 2 potions of degeneration
 G - a potion of lignification {unknown}


   Skills:
 + Level 7.7 Fighting
 + Level 11.8 Axes
 + Level 6.0 Armour
 - Level 1.8 Dodging
 - Level 1.0 Stealth
 + Level 6.3 Shields


You had 8 spell levels left.
You didn't know any spells.
Your spell library contained the following spells:

 Spells                   Type           Power      Damage    Failure   Level
 Alistair's Intoxication  Tmut/Pois      0%         N/A       100%        5
 Borgnjor's Vile Clutch   Necr/Erth      0%         N/A       100%        5
 Eringya's Noxious Bog    Tmut/Pois      0%         N/A       100%        6


Dungeon Overview and Level Annotations

Branches:
Dungeon (6/15)             Temple (0/1) D:4           Sewer (visited)
Ossuary (visited)

Altars:
Cheibriados

Annotations:
D:5 1 runed translucent door, Crazy Yiuf


Innate Abilities, Weirdness & Mutations

You are partially covered in iridescent scales. (AC +2)
You passively map a small area around you.


Message History

You slash the wight!
The wight is heavily damaged.
Unknown command.
You hit the wight but do no damage.
The wight is heavily damaged.
You block the wight's attack.
You slash the wight!
You destroy the wight!
Beogh accepts your kill.
Your Armour skill increases to level 6!
The orc warrior hits you with a +0 glaive!
Things that are here:
a +0 spear; a +0 robe You hit the orc warrior.
The orc warrior is moderately wounded.
The orc warrior barely misses you.
You hit the orc warrior.
The orc warrior is heavily wounded.
You block the orc warrior's attack.
You hit the orc warrior but do no damage.
The orc warrior is heavily wounded.
The orc warrior hits you with a +0 glaive!
You closely miss the orc warrior.
The orc warrior is heavily wounded.
The orc warrior hits you with a +0 glaive!!
* * * LOW HITPOINT WARNING * * *
You feel better.
The orc warrior hits you with a +0 glaive.
* * * LOW HITPOINT WARNING * * *
You hit the orc warrior but do no damage.
The orc warrior is heavily wounded.
You hit the orc warrior.
The orc warrior is heavily wounded.
The orc warrior hits you with a +0 glaive!
* * * LOW HITPOINT WARNING * * *
You hit the orc warrior but do no damage.
The orc warrior is heavily wounded.
The orc warrior hits you with a +0 glaive!!
You die...
Beogh appreciates the orc warrior's killing of a heretic priest.

* * * , , ,# * *
* .#* .#, *_ *
#.# ###.* ### *
* #.# #.. * #.#
* #.# #.# , #.#
#.# #.# ,* #.#
.#########.# #.#
* #.#
.>..ooo@)).# #.#
#.# #########..#
#.###.# #.# #..#
#.....# ..# #..#
#.##### ### #..#
#.# ##### #..#
#.#########
....#
#..###..........
....#
#...##.#########
....# ##..##.# ,
*


You could see an orc warrior and 2 orcs.

Vanquished Creatures
  Prince Ribbit (D:5)
  Sigmund (D:2)
  2 wraiths (Ossuary)
  2 steam dragons (D:6)
  Menkaure (D:6)
  A black bear (D:5)
  2 ogres
  Blork the orc (D:6)
  A scorpion (D:6)
  10 wights
  5 hounds
  4 jellies
  An orc priest (D:5)
  4 iguanas
  A gnoll bouda (D:5)
  Jessica (D:2)
  2 orc wizards (D:5)
  3 gnolls (D:5)
  7 adders
  3 river rats (Sewer)
  An ufetubus (D:4)
  An adder zombie (Ossuary)
  2 worms
  3 dart slugs
  18 orcs
  9 ball pythons
  7 bats
  11 endoplasms
  A giant cockroach (D:3)
  4 goblins (D:1)
  5 hobgoblins
  7 jackals
  2 quokkas
  8 frilled lizards (Sewer)
  2 hobgoblin skeletons (Ossuary)
  A hobgoblin zombie (Ossuary)
  7 kobolds
  A kobold zombie (Ossuary)
  An orc skeleton (Ossuary)
  3 orc zombies (Ossuary)
  9 rats
156 creatures vanquished.

Vanquished Creatures (others)
  An orc priest (D:6)
  7 orcs (D:6)
8 creatures vanquished.

Grand Total: 164 creatures vanquished

Notes
Turn   | Place    | Note
-------+----------+-------------------------------------------
     0 | D:1      | masschaos23 the Hill Orc Fighter began the quest for the
                  | Orb.
     0 | D:1      | Reached XP level 1. HP: 19/19 MP: 1/1
   176 | D:1      | Reached XP level 2. HP: 27/27 MP: 2/2
   217 | D:1      | Reached skill level 3 in Axes
   689 | D:1      | Reached XP level 3. HP: 33/33 MP: 3/3
  1133 | D:2      | Noticed Jessica
  1141 | D:2      | Killed Jessica
  1142 | D:2      | Reached XP level 4. HP: 35/40 MP: 4/4
  1178 | D:2      | Found a faded altar of an unknown god.
  1202 | D:2      | Noticed Sigmund
  1222 | D:2      | Killed Sigmund
  1223 | D:2      | Reached skill level 5 in Axes
  1223 | D:2      | Reached skill level 1 in Dodging
  1223 | D:2      | Reached XP level 5. HP: 19/47 MP: 5/5
  1223 | D:2      | Reached XP level 6. HP: 21/53 MP: 6/6
  2231 | D:3      | Found a glowing drain.
  2255 | Sewer    | Entered a sewer
  2600 | Sewer    | Reached skill level 6 in Axes
  2676 | D:3      | Identified a scroll of acquirement
  2676 | D:3      | Acquired the ring "Hoagoth" {Str+4 Int+6}
  2789 | D:3      | Reached skill level 1 in Stealth
  2836 | D:3      | Gained mutation: You occasionally lose the ability to drink
                  | potions when taking damage. [potion of mutation]
  2841 | D:3      | Lost mutation: You occasionally lose the ability to drink
                  | potions when taking damage. [potion of mutation]
  2841 | D:3      | Gained mutation: You are partially covered in iridescent
                  | scales. (AC +2) [potion of mutation]
  2841 | D:3      | Gained mutation: You passively map a small area around you.
                  | [potion of mutation]
  3345 | D:4      | Found a snail-covered altar of Cheibriados.
  3447 | D:4      | Reached XP level 7. HP: 46/60 MP: 7/7
  3524 | D:4      | Found a staircase to the Ecumenical Temple.
  4001 | D:5      | Entered Level 5 of the Dungeon
  4025 | D:5      | Found a runed translucent door.
  4026 | D:5      | Noticed Crazy Yiuf
  4112 | D:5      | Reached skill level 7 in Axes
  4226 | D:5      | Reached skill level 5 in Fighting
  4252 | D:5      | Noticed Prince Ribbit
  4271 | D:5      | Killed Prince Ribbit
  4272 | D:5      | Reached skill level 8 in Axes
  4272 | D:5      | Reached skill level 5 in Shields
  4272 | D:5      | Reached XP level 8. HP: 69/69 MP: 8/8
  4861 | D:5      | Reached skill level 5 in Armour
  5398 | D:6      | Reached skill level 9 in Axes
  5491 | D:6      | Became a worshipper of Beogh the Brigand
  5543 | D:6      | Noticed Menkaure
  5554 | D:6      | Killed Menkaure
  5555 | D:6      | Reached skill level 10 in Axes
  5587 | D:6      | Reached XP level 9. HP: 66/78 MP: 9/9
  5763 | D:6      | Noticed Blork the orc
  5813 | D:6      | Killed Blork the orc
  5990 | D:6      | Found a sand-covered staircase.
  5999 | Ossuary  | Entered an ossuary
  6082 | Ossuary  | Reached skill level 11 in Axes
  6434 | D:6      | Mangled by an orc warrior

Illustrated notes

Levels and vault maps discovered:
D:1:      nagdon_arrival_zigzag_paths, layout_basic, kennysheep_nondescript
D:2:      layout_basic, hellmonk_ecumenical_altar_heavens_door, uniq_sigmund,
          uniq_jessica
D:3:      layout_basic, cheibrodos_sewer_entry_drain
D:4:      layout_gridville, kennysheep_slug_shrine, minmay_temple_entry_wispy
D:5:      layout_layer_cave, uniq_prince_ribbit1, uniq_crazy_yiuf_cottage
D:6:      layout_loops_ring, general_overflow_altar,
          minmay_overflow_temple_star_hex, chequers_ossuary_entry_cave,
          minmay_misc_feat_x, uniq_menkaure, uniq_blork_the_orc

Skill      XL: |  1  2  3  4  5  6  7  8  9 |
---------------+----------------------------+-----
Axes           | 3 5 6 8 10 11 | 11.8
Fighting       | 4 5 6 7 |  7.7
Armour         | 4 5 6 |  6.0
Dodging        | 1 |  1.8
Shields        | 4 5 6 |  6.3
Stealth        | 1 |  1.0

Action                   |  1- 3 |  4- 6 |  7- 9 || total
-------------------------+-------+-------+-------++-------
Melee: War axe           |    86 |   179 |   102 ||   367
       Hand axe          |       |       |   146 ||   146
Invok: Convert to Beogh  |       |       |     1 ||     1
  Use: Scroll            |     3 |    13 |     5 ||    21
       Potion            |       |     2 |     4 ||     6
 Stab: Sleeping          |       |     1 |     3 ||     4
Armor: Scale mail        |    41 |    20 |       ||    61
       Troll leather arm |       |    59 |    57 ||   116
Dodge: Dodged            |    35 |    96 |   111 ||   242
Block: Buckler           |    14 |       |       ||    14
       Kite shield       |    11 |    93 |   101 ||   205
